Unix NetHack Version 5.0.0-0 post-release - last build May 23 2026 06:08:33 (1c0ff79ee797540d5714e4e18072db0edd9e58ae,branch:main).

Game began 2026-05-27 01:51:46, ended 2026-05-27 02:03:09.

CyberFan, chaotic female human Rogue

                                                                      --------
                 -----------    -------           ------------        |..{...|
                 |.........|   #[.)...|           |..........|        |......|
               ##...........### |......########0  |..........|   #####.......|
               # |[..^.....|    |.....|           |..........|        |......|
               # -----------    |.....|           |..........|        |......|
               #                |.....|           |..........|      ##.......|
               #                |.....|           |...........#     # -----.--
               #                ----.--           ---|------.-#   ###      #
       ------- #                    #                ###    # #   #        #
       |.^...|##                    #                  #### ###   #        #
       |......#                     ##                  ######    #        ##
       |.....|                   ----.-              #### #########         #
       -------                   |.....#        ######      #-----#         #
                                 |....|###    --|------     #....-#######   #
                                 |..d.|  #####........|      |...|     -|---|-
                                 -|----       |.....<.|      |[..|     |.....|
                                  #           |.......|      -----     |.....|
                                              ---------                -------

CyberFan the Cutpurse   St:15 Dx:18 Co:13 In:9 Wi:10 Ch:11  Chaotic
Dlvl:3  $:17 HP:28(28) Pw:15(15) AC:6  Xp:4/86 T:2364  Weak    

Latest messages:
 You are beginning to feel hungry.
 You stop searching.
 You swap places with your little dog.
 You hear the footsteps of a guard on patrol.
 You hear a G sharp squeak in the distance.
 You are beginning to feel weak.
 You stop searching.
 What do you want to eat? [gq or ?*]
 Blecch!  Rotten food!
 The world spins and goes dark.
 You are conscious again.
 What do you want to eat? [gq or ?*]
 You consume the last bite of your meal.
 The gnome strikes at thin air!
 You miss the gnome.
 The gnome hits!
 You hit the gnome!
 The gnome hits!
 You kill the gnome!
 Welcome to experience level 4.
 There is a doorway here.
 You see here a leather armor.
 You are beginning to feel hungry.
 You stop searching.
 You swap places with your little dog.
 What do you want to eat? [g or ?*]
 Core dumped.
 You swap places with your little dog.
 You swap places with your little dog.
 You are beginning to feel hungry.
 You stop searching.
 You swap places with your little dog.
 You swap places with your little dog.
 Where do you want to travel to?
 (For instructions type a '?')
 You stop searching.
 The little dog misses the newt.
 The newt snaps wildly and misses!
 The little dog misses the newt.
 You swap places with your little dog.
 The newt bites!
 You kill the newt!
 You see here a newt corpse.
 You see here a newt corpse.
 There is a newt corpse here; eat it? [ynq] (n)
 This newt corpse is fatty.
 You finish eating the newt corpse.
 You are beginning to feel weak.
 You stop searching.
 #

Inventory:
 Coins    ('$')
  $ - 17 gold pieces
 Weapons  (')')
  b - an uncursed +0 dagger (alternate weapon; not wielded)
  i - 11 uncursed +0 daggers named ammo (at the ready)
  a - an uncursed +0 short sword (weapon in right hand)
 Armor    ('[')
  r - an uncursed +0 cloak of invisibility (being worn)
  c - an uncursed +1 leather armor (being worn)
 Comestibles  ('%')
  g - an uncursed apple
 Scrolls  ('?')
  n - an uncursed scroll of remove curse
  o - an uncursed scroll of teleportation
 Spellbooks  ('+')
  j - an uncursed spellbook of extra healing
 Potions  ('!')
  m - an uncursed potion of restore ability
  d - an uncursed potion of sickness
 Wands    ('/')
  k - an uncursed wand of probing (0:5)
 Tools    ('(')
  f - an empty uncursed sack
  e - an uncursed lock pick

CyberFan the Rogue's attributes:

Background:
 You were a Cutpurse, a level 4 female human Rogue.
 You were chaotic, nominally on a mission for Kos
 who was opposed by Issek (lawful) and Mog (neutral).
 You were right-handed.
 You were in the Dungeons of Doom, on level 3.
 You entered the dungeon 2364 turns ago.
 It was nighttime.
 You had 86 experience points, 74 more were needed to attain level 5.

Basics:
 You had all 28 hit points.
 You had all 15 energy points (spell power).
 Your armor class was 6.
 Your wallet contained 17 zorkmids.
 Autopickup was on for '$%?!"=/*' plus thrown, with exceptions.

Final Characteristics:
 Your strength was 15 (base:16, limit:18/100).
 Your dexterity was 18 (limit:18).
 Your constitution was 13 (limit:18).
 Your intelligence was 9 (limit:18).
 Your wisdom was 10 (limit:18).
 Your charisma was 11 (limit:18).

Final Status:
 You were weak from severe hunger.
 You were unencumbered.
 You were wielding a short sword.
 You had basic skill with short sword.

Final Attributes:
 You were piously aligned.
 You were invisible.
 You were stealthy.
 You were warded.
 You survived.

Miscellaneous:
 You disabled loading of bones levels.
 Total elapsed playing time was 11 minutes and 22 seconds.

Major events:
 Turn
    1: CyberFan the chaotic female human Rogue entered the dungeon
  537: entered the Gnomish Mines
 1311: attained the rank of Cutpurse (level 3)
 2364: quit

You didn't know any spells.

Skills:
 Fighting Skills
   bare handed combat [Unskilled]
   two weapon combat  [Unskilled]
   riding             [Unskilled]
 Weapon Skills
   dagger             [Basic]
   knife              [Unskilled]
   short sword        [Basic]
   broadsword         [Unskilled]
   long sword         [Unskilled]
   two-handed sword   [Unskilled]
   saber              [Unskilled]
   club               [Unskilled]
   mace               [Unskilled]
   morning star       [Unskilled]
   flail              [Unskilled]
   hammer             [Unskilled]
   polearms           [Unskilled]
   spear              [Unskilled]
   crossbow           [Unskilled]
   dart               [Unskilled]
   shuriken           [Unskilled]
 Spellcasting Skills
   divination spells  [Unskilled]
   escape spells      [Unskilled]
   matter spells      [Unskilled]

Voluntary challenges:
 Character rerolling was not enabled.
 You were an atheist.
 You were illiterate.
 You never genocided any monsters.
 You never polymorphed an object.
 You never changed form.
 You used no wishes.
Achievements:
 You entered the Gnomish Mines.
 You entered a shop.
 You attained the rank of Cutpurse.

 The Dungeons of Doom: levels 1 to 3
    Level 1:
       A fountain.
    Level 2:
       A bookstore, some fountains.
       Stairs down to The Gnomish Mines.
    Level 3: <- You were here.
       A fountain.
 The Gnomish Mines:
    Level 3:


Vanquished creatures:
  a little dog
  2 dwarf zombies
  3 coyotes
  4 manes
  a brown mold
  a yellow mold
  a red mold
  a gnome
  4 jackals
  2 foxes
  a kobold
  2 sewer rats
  5 grid bugs
  2 bats
  4 lichens
  9 newts
43 creatures vanquished.

No species were genocided or became extinct.

Goodbye CyberFan the Rogue...

You quit in The Dungeons of Doom on dungeon level 3 with 461 points,
and 17 pieces of gold, after 2364 moves.
You were level 4 with a maximum of 28 hit points when you quit.

